 Dungeon Crawl Stone Soup version 0.27.1-15-g792fb953b9 (webtiles) character file.

Game seed: 2309739606279442915

63 pkoi the Slasher (level 3, 0/30 HPs)
             Began as a Minotaur Gladiator on Nov 19, 2021.
             Succumbed to an adder's poison
             ... on level 2 of the Dungeon.
             The game lasted 00:02:08 (884 turns).

pkoi the Slasher (Minotaur Gladiator)                Turns: 884, Time: 00:02:08

Health: 0/30       AC:  8    Str: 19    XL:     3   Next: 89%
Magic:  2/2        EV:  8    Int:  5    God:
Gold:   46         SH:  0    Dex: 11    Spells: 2/2 levels left

rFire    . . .     SeeInvis .   a - +0 long sword (drain)
rCold    . . .     Faith    .   (no shield)
rNeg     . . .     Spirit   .   f - +0 chain mail
rPois    .         Reflect  .   c - +0 hat
rElec    .         Harm     .   (no cloak)
rCorr    .         Rampage  .   (no gloves)
Will     .....                  (no boots)
Stlth    ..........             (no amulet)
HPRegen  0.10/turn              (no ring)
MPRegen  0.08/turn              (no ring)

@: lethally poisoned (0 -> -4), flying
A: horns 2, retaliatory headbutt
a: no special abilities


You were on level 2 of the Dungeon.
You visited 1 branch of the dungeon, and saw 2 of its levels.

You collected 46 gold pieces.

Inventory:

Hand Weapons
 a - a +0 long sword of draining (weapon)
Missiles
 d - 3 throwing nets (quivered)
Armour
 b - a +0 leather armour
 c - a +0 hat (worn)
 f - a +0 chain mail (worn)
Jewellery
 g - an amulet of regeneration


   Skills:
 - Level 2.4 Fighting
 + Level 5.9 Long Blades
 - Level 2.0 Throwing
 - Level 3.2 Dodging


You had 2 spell levels left.
You didn't know any spells.
Your spell library was empty.

Dungeon Overview and Level Annotations

Branches:
Dungeon (2/15)

Altars:


Innate Abilities, Weirdness & Mutations

You have a pair of horns on your head.
You reflexively headbutt those who attack you in melee.


Message History

You feel sick. The adder bites you.
* * * LOW HITPOINT WARNING * * *
You are lethally poisoned!
The adder poisons you!
You barely miss the adder.
The adder is almost dead.
* * * LOW HITPOINT WARNING * * *
You feel very sick. The adder closely misses you.
You riposte.
Your chain mail prevents you from hitting the adder.
Your headbutt misses the adder.
The adder is almost dead.
You closely miss the adder.
The adder is almost dead.
* * * LOW HITPOINT WARNING * * *
You feel sick. The adder barely misses you.
The adder bites you but does no damage.
Unknown command.
You hit the adder.
You kill the adder!
* * * LOW HITPOINT WARNING * * *
You feel sick.
Your life force feels restored.
Unknown command.
Unknown command.
It was a potion of flight.
You feel very buoyant.
You fly up into the air.
* * * LOW HITPOINT WARNING * * *
You feel sick.
As you read the scroll labelled JOLLAU AREDOL, it crumbles to dust.
It is a scroll of brand weapon.
Your +0 long sword craves living souls!
a - a +0 long sword of draining (weapon)
* * * LOW HITPOINT WARNING * * *
You feel sick.
As you read the scroll labelled DAITUNLICH, it crumbles to dust.
You hear a loud clanging noise!
It was a scroll of noise.
You die...

#.....#.##... #.
....##.>...#...>..
#.
#.#.##########..##
#.##.#.# #†.##
####....#.#
######....
..........#
#......###
..........# #.######
......)...#####.####
......†@.# #.......#
.........###.##.##.#
................##.#
.........###.#####.#
.........# #.#####.#
.........# #....)..#
########## #########


There were no monsters in sight!

Vanquished Creatures
  2 adders (D:2)
  3 dart slugs (D:1)
  3 endoplasms (D:1)
  A giant cockroach (D:1)
  2 hobgoblins (D:1)
  5 jackals (D:1)
  4 quokkas
  6 ball pythons
  2 bats
  A frilled lizard (D:1)
  6 goblins
  2 kobolds
37 creatures vanquished.

Notes
Turn   | Place    | Note
-------+----------+-------------------------------------------
     0 | D:1      | pkoi the Minotaur Gladiator began the quest for the Orb.
     0 | D:1      | Reached XP level 1. HP: 18/18 MP: 0/0
   143 | D:1      | Reached skill level 4 in Long Blades
   185 | D:1      | Reached XP level 2. HP: 25/25 MP: 1/1
   264 | D:1      | Reached skill level 5 in Long Blades
   485 | D:1      | Reached XP level 3. HP: 30/30 MP: 2/2
   882 | D:2      | HP: 1/30 [poisoned by an adder]
   884 | D:2      | Succumbed to an adder's poison

Illustrated notes

Levels and vault maps discovered:
D:1:      wheals_arrival_shading, layout_basic, st_stairs_10
D:2:      layout_loops_cross, basic_altar

Skill      XL: |  1  2 |
---------------+-------+-----
Long Blades    | 4 5 |  5.9
Fighting       | |  2.4
Throwing       | |  2.0
Dodging        | |  3.2

Action                   || total
-------------------------++-------
Melee: Long sword        ||    80
       Headbutt          ||    10
  Use: Scroll            ||     2
       Potion            ||     1
Armor: Chain mail        ||    42
Dodge: Dodged            ||    35
       Rpst.: Long sword ||     8
